MWL (24 & UNDER)
ERIE JAXX @ MINNESOTA DEATH STARS
07/31/2027
 
TOP OF THE 1ST
Erie Jaxx batting - Pitching for Minnesota Death Stars : RHP Jeremias Pereirinha
Pitching: RHP Jeremias Pereirinha
Batting: RHB Júlio Hernández 0-0: Ball
1-0: Ball
2-0: Ball
3-0: Base on Balls
Batting: SHB José Durango 0-0: Ball
1-0: Ball
Júlio Hernández steals 2nd base
2-0: Ground out 3-1 (Groundball, 34)
Júlio Hernández to third
Batting: LHB Josh Pérez 0-0: Ball
1-0: Ball
2-0: Ball
3-0: Base on Balls
Batting: SHB Michael Field 0-0: Called Strike
0-1: Swinging Strike
0-2: Fly out, F8 (Flyball, 8LS)
Runner from 3rd tags up, SCORES, no throw
Batting: LHB Jim Knight 0-0: Called Strike
0-1: Called Strike
0-2: Foul Ball, location: 2F
0-2: SINGLE (Flyball, 7S)
Josh Pérez to second
Batting: RHB Ángel Serrano 0-0: Foul Ball, location: 2F
0-1: Called Strike
0-2: Ball
1-2: Foul Ball, location: 2F
1-2: Fly out, F7 (Flyball, 78D)
Top of the 1st over - 1 run(s), 1 hit(s), 0 error(s), 2 left on base; Erie 1 - Minnesota 0
BOTTOM OF THE 1ST
Minnesota Death Stars batting - Pitching for Erie Jaxx : LHP Francisco Rodríguez
Pitching: LHP Francisco Rodríguez
Batting: RHB Sergio Calderón 0-0: Ball
1-0: Ball
2-0: Ball
3-0: Called Strike
3-1: Swinging Strike
3-2: Strikes out swinging
Batting: RHB Mike Wagner 0-0: Foul Ball, location: 2F
0-1: Ball
1-1: Ball
2-1: Called Strike
2-2: Ball
3-2: Fly out, F6 (Popup, 56D)
Batting: RHB William Robinson 0-0: Ball
1-0: Ball
2-0: Ball
3-0: Called Strike
3-1: Base on Balls
Batting: RHB Raúl Flores 0-0: Ball
1-0: Fly out, F9 (Line Drive, 89M)
Bottom of the 1st over - 0 run(s), 0 hit(s), 0 error(s), 1 left on base; Erie 1 - Minnesota 0
TOP OF THE 2ND
Erie Jaxx batting - Pitching for Minnesota Death Stars : RHP Jeremias Pereirinha
Batting: RHB Edgardo Castro 0-0: Ground out 6-3 (Groundball, 6)
Batting: RHB Alfredo Ramírez 0-0: Foul Ball, location: 2F
0-1: Foul Ball, location: 2F
0-2: Ball
1-2: Ground out 1-3 (Groundball, 13)
Batting: RHB Ed Keesee 0-0: Fly out, F7 (Flyball, 7LM)
Top of the 2nd over - 0 run(s), 0 hit(s), 0 error(s), 0 left on base; Erie 1 - Minnesota 0
BOTTOM OF THE 2ND
Minnesota Death Stars batting - Pitching for Erie Jaxx : LHP Francisco Rodríguez
Batting: RHB Kel Weeks 0-0: Ground out 6-3 (Groundball, 6)
Batting: LHB Shannon Hunter 0-0: Swinging Strike
0-1: Swinging Strike
0-2: Foul Ball, location: 2F
0-2: Strikes out looking
Batting: RHB Pat McDonald 0-0: Ball
1-0: Ground out 1-3 (Groundball, 13S)
Bottom of the 2nd over - 0 run(s), 0 hit(s), 0 error(s), 0 left on base; Erie 1 - Minnesota 0
TOP OF THE 3RD
Erie Jaxx batting - Pitching for Minnesota Death Stars : RHP Jeremias Pereirinha
Batting: RHB Júlio Hernández 0-0: Ball
1-0: Called Strike
1-1: Foul Ball, location: 2F
1-2: Ball
2-2: Ball
3-2: SINGLE (Line Drive, 78S)
Batting: SHB José Durango 0-0: Called Strike
0-1: Called Strike
0-2: SINGLE (Groundball, 4MD)
Júlio Hernández to second
Runner from 2nd tries for 3rd, SAFE, throw made to third
Batting: LHB Josh Pérez 0-0: Ball
1-0: Called Strike
1-1: Foul Ball, location: 2F
1-2: Ball
2-2: Fly out, F8 (Flyball, 78M)
Runner from 3rd tags up, SCORES, no throw
Batting: SHB Michael Field 0-0: SINGLE (Groundball, 34D)
José Durango to second
Runner from 2nd tries for 3rd, SAFE, throw made to third
Batting: LHB Jim Knight 0-0: Ball
1-0: Foul Ball, location: 2F
1-1: Ball
2-1: Foul Ball, location: 2F
2-2: Strikes out swinging
Batting: RHB Ángel Serrano 0-0: Called Strike
0-1: Fly out, F8 (Line Drive, 8LM)
Top of the 3rd over - 1 run(s), 3 hit(s), 0 error(s), 2 left on base; Erie 2 - Minnesota 0
BOTTOM OF THE 3RD
Minnesota Death Stars batting - Pitching for Erie Jaxx : LHP Francisco Rodríguez
Batting: RHB Vaughan Tillman 0-0: Ground out 2-3 (Groundball, 15S)
Batting: RHB Pat Bray 0-0: Swinging Strike
0-1: Ball
1-1: Called Strike
1-2: Reached on error, E5 (Groundball, 56)
Batting: RHB Sergio Calderón 0-0: Ball
1-0: Ball
Pat Bray steals 2nd base
2-0: Ball
3-0: Base on Balls
Batting: RHB Mike Wagner 0-0: Called Strike
0-1: Ball
1-1: Ball
2-1: Foul Ball, location: 2F
2-2: Strikes out swinging
Batting: RHB William Robinson 0-0: Ball
1-0: Foul Ball, location: 2F
1-1: Called Strike
1-2: Foul Ball, location: 2F
1-2: Ball
2-2: Strikes out swinging
Bottom of the 3rd over - 0 run(s), 0 hit(s), 1 error(s), 2 left on base; Erie 2 - Minnesota 0
TOP OF THE 4TH
Erie Jaxx batting - Pitching for Minnesota Death Stars : RHP Jeremias Pereirinha
Batting: RHB Edgardo Castro 0-0: Called Strike
0-1: Foul Ball, location: 2F
0-2: Strikes out swinging
Batting: RHB Alfredo Ramírez 0-0: Ball
1-0: Ball
2-0: Swinging Strike
2-1: Called Strike
2-2: Foul Ball, location: 2F
2-2: Strikes out looking
Batting: RHB Ed Keesee 0-0: Fly out, F8 (Flyball, 89M)
Top of the 4th over - 0 run(s), 0 hit(s), 0 error(s), 0 left on base; Erie 2 - Minnesota 0
BOTTOM OF THE 4TH
Minnesota Death Stars batting - Pitching for Erie Jaxx : LHP Francisco Rodríguez
Batting: RHB Raúl Flores 0-0: Called Strike
0-1: Ball
1-1: Foul Ball, location: 2F
1-2: Strikes out looking
Batting: RHB Kel Weeks 0-0: Ball
1-0: Ball
2-0: Called Strike
2-1: Ball
3-1: Called Strike
3-2: SOLO HOME RUN (Flyball, 78XD), Distance : 415 ft
Batting: LHB Shannon Hunter 0-0: Ball
1-0: Called Strike
1-1: Foul Ball, location: 2F
1-2: Foul Ball, location: 2F
1-2: Strikes out swinging
Batting: RHB Pat McDonald 0-0: Ball
1-0: Ball
2-0: Ground out 6-3 (Groundball, 6)
Bottom of the 4th over - 1 run(s), 1 hit(s), 0 error(s), 0 left on base; Erie 2 - Minnesota 1
TOP OF THE 5TH
Erie Jaxx batting - Pitching for Minnesota Death Stars : RHP Jeremias Pereirinha
Batting: RHB Júlio Hernández 0-0: Ground out 6-3 (Groundball, 6)
Batting: SHB José Durango 0-0: Ball
1-0: Foul Ball, location: 2F
1-1: Foul Ball, location: 2F
1-2: Foul Ball, location: 2F
1-2: Ball
2-2: Foul Ball, location: 2F
2-2: Ball
3-2: Ground out 1-3 (Groundball, P)
Batting: LHB Josh Pérez 0-0: Ball
1-0: Foul Ball, location: 2F
1-1: Ball
2-1: Called Strike
2-2: TRIPLE (Flyball, 89XD)
Batting: SHB Michael Field 0-0: Swinging Strike
0-1: Foul Ball, location: 2F
0-2: Foul Ball, location: 2F
0-2: Ball
1-2: Strikes out swinging
Top of the 5th over - 0 run(s), 1 hit(s), 0 error(s), 1 left on base; Erie 2 - Minnesota 1
BOTTOM OF THE 5TH
Minnesota Death Stars batting - Pitching for Erie Jaxx : LHP Francisco Rodríguez
Batting: RHB Vaughan Tillman 0-0: SINGLE (Line Drive, 34D)
Batting: RHB Pat Bray 0-0: SINGLE (Groundball, 4D)
Vaughan Tillman to second
Batting: RHB Sergio Calderón 0-0: Foul Ball, location: 2F
0-1: Ball
1-1: Ball
2-1: Grounds into double play, 4-6-3 (Groundball, 4)
Vaughan Tillman to third
Batting: RHB Mike Wagner 0-0: Called Strike
0-1: Swinging Strike
0-2: Ball
1-2: Ground out 6-3 (Groundball, 6)
Bottom of the 5th over - 0 run(s), 2 hit(s), 0 error(s), 1 left on base; Erie 2 - Minnesota 1
TOP OF THE 6TH
Erie Jaxx batting - Pitching for Minnesota Death Stars : RHP Jeremias Pereirinha
Batting: LHB Jim Knight 0-0: Called Strike
0-1: Ground out 6-3 (Groundball, 6)
Batting: RHB Ángel Serrano 0-0: Ball
1-0: Swinging Strike
1-1: Ground out 4-3 (Groundball, 4)
Batting: RHB Edgardo Castro 0-0: Foul Ball, location: 2F
0-1: Swinging Strike
0-2: Strikes out swinging
Top of the 6th over - 0 run(s), 0 hit(s), 0 error(s), 0 left on base; Erie 2 - Minnesota 1
BOTTOM OF THE 6TH
Minnesota Death Stars batting - Pitching for Erie Jaxx : LHP Francisco Rodríguez
Batting: RHB William Robinson 0-0: Called Strike
0-1: SINGLE (Line Drive, 9S)
Batting: RHB Raúl Flores 0-0: Foul Ball, location: 2F
0-1: Ball
1-1: Foul Ball, location: 2F
1-2: Foul Ball, location: 2F
1-2: Foul Ball, location: 2F
1-2: Fly out, F8 (Flyball, 89D)
Batting: RHB Kel Weeks 0-0: Ball
1-0: Grounds into double play, 4-6-3 (Groundball, 4)
Bottom of the 6th over - 0 run(s), 1 hit(s), 0 error(s), 0 left on base; Erie 2 - Minnesota 1
TOP OF THE 7TH
Erie Jaxx batting - Pitching for Minnesota Death Stars : RHP Jeremias Pereirinha
Pitching: LHP Kurt Brown
Batting: RHB Alfredo Ramírez 0-0: SINGLE (Flyball, 8RS)
Batting: RHB Ed Keesee 0-0: Called Strike
0-1: Ball
1-1: Foul Ball, location: 2F
1-2: Strikes out swinging
Batting: RHB Júlio Hernández 0-0: Ball
1-0: Ball
2-0: Called Strike
2-1: Called Strike
2-2: Fly out, F8 (Flyball, 8LM)
Batting: SHB José Durango 0-0: Foul Ball, location: 2F
0-1: Ball
1-1: Called Strike
1-2: Ball
2-2: Ball
3-2: Ground out 5-3 (Groundball, 56)
Top of the 7th over - 0 run(s), 1 hit(s), 0 error(s), 1 left on base; Erie 2 - Minnesota 1
BOTTOM OF THE 7TH
Minnesota Death Stars batting - Pitching for Erie Jaxx : LHP Francisco Rodríguez
Batting: LHB Shannon Hunter 0-0: Ball
1-0: SINGLE (Groundball, 6MD)
Pitching: RHP Scott King
Batting: RHB Pat McDonald 0-0: Sac Bunt - play at first, batter OUT! 1-3
Shannon Hunter to second
Batting: RHB Vaughan Tillman 0-0: SINGLE (Flyball, 78S)
Shannon Hunter to third
Batting: RHB Pat Bray 0-0: Called Strike
0-1: DOUBLE (Line Drive, 7LM)
Shannon Hunter scores
Vaughan Tillman to third
Pinch Hitting: RHB Sean King 0-0: Called Strike
0-1: Ball
1-1: Foul Ball, location: 2F
1-2: Ball
2-2: Strikes out looking
Batting: RHB Mike Wagner 0-0: Ball
1-0: Ball
2-0: Ball
3-0: Base on Balls
Pinch Hitting: LHB Júlio Córdova 0-0: Ball
1-0: Ball
2-0: Ball
3-0: Base on Balls
Vaughan Tillman scores
Pat Bray to third
Mike Wagner to second
Batting: RHB Raúl Flores 0-0: Foul Ball, location: 2F
0-1: Called Strike
0-2: DOUBLE (Flyball, 9LM)
Pat Bray scores
Mike Wagner scores
Júlio Córdova to third
Runner from 3rd tries for Home, throw and OUT!
Bottom of the 7th over - 4 run(s), 4 hit(s), 0 error(s), 1 left on base; Erie 2 - Minnesota 5
TOP OF THE 8TH
Erie Jaxx batting - Pitching for Minnesota Death Stars : LHP Kurt Brown
Now at 2B: Júlio Córdova
Now at 3B: Sean King
Batting: LHB Josh Pérez 0-0: Swinging Strike
0-1: Foul Ball, location: 2F
0-2: Fly out, F8 (Line Drive, 89D)
Batting: SHB Michael Field 0-0: Ground out 6-3 (Groundball, 56)
Batting: LHB Jim Knight 0-0: Foul Ball, location: 2F
0-1: Ground out 4-3 (Groundball, 4)
Top of the 8th over - 0 run(s), 0 hit(s), 0 error(s), 0 left on base; Erie 2 - Minnesota 5
BOTTOM OF THE 8TH
Minnesota Death Stars batting - Pitching for Erie Jaxx : RHP Scott King
Pitching: RHP Carlos Olmedo
Batting: RHB Kel Weeks 0-0: Foul Ball, location: 2F
0-1: Swinging Strike
0-2: Strikes out looking
Batting: LHB Shannon Hunter 0-0: Fly out, F8 (Flyball, 8LM)
Batting: RHB Pat McDonald 0-0: Called Strike
0-1: Foul Ball, location: 2F
0-2: Ball
1-2: Foul Ball, location: 2F
1-2: Foul Ball, location: 2F
1-2: Strikes out swinging
Bottom of the 8th over - 0 run(s), 0 hit(s), 0 error(s), 0 left on base; Erie 2 - Minnesota 5
TOP OF THE 9TH
Erie Jaxx batting - Pitching for Minnesota Death Stars : LHP Kurt Brown
Pitching: RHP Alfredo Cabral
Batting: RHB Ángel Serrano 0-0: Ball
1-0: Ground out 5-3 (Groundball, 56)
Batting: RHB Edgardo Castro 0-0: Ball
1-0: Fly out, F6 (Line Drive, 6)
Batting: RHB Alfredo Ramírez 0-0: Called Strike
0-1: Ball
1-1: Swinging Strike
1-2: Strikes out swinging
Top of the 9th over - 0 run(s), 0 hit(s), 0 error(s), 0 left on base; Erie 2 - Minnesota 5
Thursday, March 30th, 2017 - OOTP Baseball 17.12 Build 75